 Dungeon Crawl Stone Soup version 0.32-a0-886-g41c5271027 (webtiles) character file.

Game seed: 7561029013181528533

497 pokeman the Magician (level 6, -3/34 HPs)
             Began as a Deep Elf Hedge Wizard on Apr 2, 2024.
             Slain by a phantom (7 damage)
             ... on level 6 of the Dungeon.
             The game lasted 00:08:57 (5249 turns).

pokeman the Magician (Deep Elf Hedge Wizard)        Turns: 5249, Time: 00:08:58

Health: -3/34      AC:  3    Str:  7    XL:     6   Next: 93%
Magic:  7/18       EV: 12    Int: 27    God:
Gold:   267        SH:  0    Dex: 14    Spells: 11/19 levels left

rFire   . . .        n - +0 dagger (speed)
rCold   . . .        (no shield)
rNeg    . . .        b - +0 robe
rPois   .            l - +0 helmet
rElec   .            (no cloak)
rCorr   .            (no gloves)
SInv    .            (no boots)
Will    .....        (no amulet)
Stlth   +            i - +6 ring of intelligence
HPRegen 0.25/turn    (no ring)
MPRegen 0.16/turn

%: no passive effects
@: very slow
A: no striking features
a: no special abilities


You were on level 6 of the Dungeon.
You visited 2 branches of the dungeon, and saw 7 of its levels.

You collected 397 gold pieces.
You spent 130 gold pieces at shops.

Inventory:

Hand Weapons
 n - a +0 dagger of speed (weapon)
Armour
 b - a +0 robe (worn)
 l - a +0 helmet (worn)
Magical Staves
 m - a staff of cold
Jewellery
 i - a +6 ring of intelligence (left hand)
Wands
 t - a wand of charming (18)
Scrolls
 a - a scroll of silence {unknown}
 c - 6 scrolls of identify {unknown}
 h - a scroll of teleportation {unknown}
 k - 4 scrolls of vulnerability {unknown}
 p - a scroll of poison {unknown}
 u - a scroll of revelation {unknown}
 v - a scroll of immolation {unknown}
Potions
 d - 2 potions of magic
 e - 7 potions of curing {unknown}
 f - 2 potions of cancellation {unknown}
 g - a potion of ambrosia {unknown}
 j - 3 potions of heal wounds
 o - a potion of lignification {unknown}
 q - 3 potions of degeneration {unknown}
 r - 2 potions of enlightenment {unknown}
 s - a potion of resistance {unknown}


   Skills:
 + Level 1.6 Fighting
 - Level 1.0 Armour
 - Level 3.0 Dodging
 - Level 3.1 Stealth
 * Level 7.3 Spellcasting
 + Level 3.4 Conjurations
 - Level 1.1 Summonings
 - Level 1.1 Translocations
 + Level 2.2 Ice Magic
 - Level 1.0 Air Magic
 - Level 1.0 Alchemy
 - Level 1.0 Evocations


You had 11 spell levels left.
You knew the following spells:

 Your Spells              Type           Power      Damage    Failure   Level
a - Magic Dart            Conj           100%       1d8       1%          1
b - Mephitic Cloud        Conj/Alch/Air  19%        N/A       8%          3
c - Call Imp              Summ           30%        N/A       5%          2
d - Blink                 Tloc           30%        N/A       5%          2

Your spell library contained the following spells:

 Spells                   Type           Power      Damage    Failure   Level
 Shock                    Conj/Air       88%        1d8       2%          1
 Slow                     Hex            36%        N/A       6%          1
 Cigotuvi's Dreadful Rot  Necr/Alch/Air  26%        N/A       6%          2
 Dazzling Flash           Conj/Hex       38%        N/A       9%          3
 Swiftness                Air            15%        N/A       11%         3
 Airstrike                Air            7%         2d(2-18)  36%         4
 Starburst                Conj/Fire      9%         6d5       99%         6
 Maxwell's Capacitive Co  Air            7%         ∞         100%        8


Dungeon Overview and Level Annotations

Branches:
Dungeon (6/15)             Temple (1/1) D:5

Altars:
Elyvilon
Fedhas
Nemelex Xobeh
Okawaru
Ru
Uskayaw
Yredelemnul
The Shining One

Shops:
D:2 !


Message History

Casting: Call Imp (safe; 5% risk of failure)
Confirm with . or Enter, or press ? or * to list all spells.
A tiny devil pulls itself out of the air.
Your cerulean imp says, "You called?"
Your cerulean imp disappears in a puff of smoke!
You swap places.
You hear the rusting of a drain very nearby.
Your cerulean imp hits the phantom but does no damage.
Your cerulean imp misses the phantom.
The phantom closely misses your cerulean imp.
Your cerulean imp barely misses the phantom.
Your cerulean imp closely misses the phantom.
The phantom closely misses your cerulean imp.
Your cerulean imp barely misses the phantom.
The phantom barely misses your cerulean imp.
The phantom hits your cerulean imp but does no damage.
Your cerulean imp closely misses the phantom.
An ice beast comes into view.
Your cerulean imp closely misses the phantom.
Casting: Call Imp (safe; 5% risk of failure)
Confirm with . or Enter, or press ? or * to list all spells.
You blink.
The ice beast hits you. The ice beast freezes you!
You enter the shallow water.
Moving in this stuff is going to be slow.
A quokka comes into view.
Your cerulean imp hits the phantom from afar with a -3 spear.
The ice beast hits you. The ice beast freezes you!
* * * LOW HITPOINT WARNING * * *
The ice beast barely misses you.
Casting: Blink (safe; 5% risk of failure)
Confirm with . or Enter, or press ? or * to list all spells.
A tiny devil pulls itself out of the air.
You feel ready to blink again. The ice beast closely misses you.
Unknown command.
You enter the shallow water.
Moving in this stuff is going to be slow.
The quokka barely misses you. The phantom attacks as it pursues you!
The phantom hits you!
You die...

#g# ##.#
#5#######.#
.g.....##.# #####
.....####.# #..~##
....## #W# #.~~~#
....#####5# #.5~.#
..$....##.# #.#~≈#
....#####.# ##W#YW#
........#.# #..#@≈#
#.......#.###..#r≈#
#.......#.##5..#.≈#
.#!..<.......#.#.≈#
........#..#####~~.
........##.# ##~..
..#.######.# ###
.##..# #.# ..##.##
#.#


You could see an ice beast, a phantom (ally target), a quokka and a friendly
cerulean imp (summoned).

Vanquished Creatures
  3 scorpions
  2 hounds (D:5)
  2 iguanas
  An orc wizard (D:4)
  A gnoll (D:6)
  3 adders
  A dart slug (D:2)
  An orc (D:3)
  4 endoplasms
  A giant cockroach (D:4)
  7 goblins
  3 hobgoblins (D:1)
  A jackal (D:4)
  7 kobolds
  5 quokkas
  11 ball pythons
  8 bats
  4 frilled lizards
  11 rats
76 creatures vanquished.

Vanquished Creatures (collateral kills)
  A scorpion (D:5)
  A gnoll (D:6)
  A ribbon worm (D:2)
3 creatures vanquished.

Grand Total: 79 creatures vanquished

Notes
Turn   | Place    | Note
-------+----------+-------------------------------------------
     0 | D:1      | pokeman the Deep Elf Hedge Wizard began the quest for the
                  | Orb.
     0 | D:1      | Reached XP level 1. HP: 10/10 MP: 7/7
   105 | D:1      | You fall into a shaft and drop 1 floor!
   283 | D:2      | Reached XP level 2. HP: 15/15 MP: 7/9
   530 | D:2      | Found Gonkuusm's Distillery.
   914 | D:1      | Reached skill level 5 in Spellcasting
  1195 | D:1      | Reached XP level 3. HP: 20/20 MP: 9/11
  1199 | D:1      | Learned a level 3 spell: Mephitic Cloud
  1202 | D:1      | Learned a level 2 spell: Call Imp
  1205 | D:1      | Learned a level 2 spell: Blink
  1519 | D:2      | Bought 2 potions of heal wounds for 130 gold pieces
  1687 | D:2      | Reached skill level 1 in Armour
  1734 | D:2      | Reached skill level 1 in Fighting
  2356 | D:3      | Found a blossoming altar of Fedhas.
  2410 | D:3      | Reached XP level 4. HP: 25/25 MP: 5/13
  2963 | D:4      | Noticed a scorpion
  2975 | D:4      | Killed a scorpion
  2976 | D:4      | Reached XP level 5. HP: 28/29 MP: 5/15
  3124 | D:4      | Reached skill level 6 in Spellcasting
  3321 | D:4      | Reached skill level 1 in Ice Magic
  3448 | D:4      | Found a sacrificial altar of Ru.
  3481 | D:4      | Reached skill level 1 in Air Magic
  3481 | D:4      | Reached skill level 1 in Alchemy
  3481 | D:4      | Reached skill level 1 in Evocations
  4067 | D:5      | Entered Level 5 of the Dungeon
  4289 | D:5      | Reached XP level 6. HP: 34/34 MP: 11/17
  4497 | D:5      | Reached skill level 7 in Spellcasting
  4511 | D:5      | Found a staircase to the Ecumenical Temple.
  4518 | Temple   | Entered the Ecumenical Temple
  5238 | D:6      | Noticed an ice beast
  5249 | D:6      | Slain by a phantom

Illustrated notes

Levels and vault maps discovered:
D:1:      dpeg_arrival_yet_another_circle, layout_basic, minmay_close_crescents
D:2:      layout_loops_cross, serial_shops, shop,
          hangedman_decor_diamond_cutter, kennysheep_generic_room_15
D:3:      layout_rooms, fedhas_altar_3
D:4:      layout_layer_cave, nicolae_ru_great_annihilating_truth,
          kennysheep_generic_room_11
D:5:      layout_basic, lightli_temple_of_fire, minmay_temple_entry_nine_rooms
D:6:      layout_rooms, mainiacjoe_overflow_catwalk, nzn_wu_jian_contemplation,
          gup_sewer_entry_pipe, nicolae_kite_square_tiling_tiny
Temple:   nicolae_temple_bog_church

Skill      XL: |  1  2  3  4  5  6 |
---------------+-------------------+-----
Spellcasting   | 5 6 7 |  7.3
Armour         | 1 |  1.0
Fighting       | 1 |  1.6
Conjurations   | 2 3 |  3.4
Dodging        | 3 |  3.0
Stealth        | 3 |  3.1
Ice Magic      | 1 2 |  2.2
Air Magic      | 1 |  1.0
Alchemy        | 1 |  1.0
Evocations     | 1 |  1.0
Summonings     | |  1.1
Translocations | |  1.1

Action                     |  1- 3 |  4- 6 || total
---------------------------+-------+-------++-------
  Melee: Dagger            |    10 |    64 ||    74
   Cast: Magic Dart        |   101 |    96 ||   197
         Mephitic Cloud    |     1 |    13 ||    14
         Call Imp          |     1 |    10 ||    11
         Blink             |       |     3 ||     3
   Stab: Confused          |     1 |     5 ||     6
 Armour: Robe              |    13 |    55 ||    68
  Dodge: Dodged            |    11 |    34 ||    45

Table legend: (Time is in decaauts)
 A = Elapsed time spent in this place.
 B = Non-inter-level travel time spent in this place.
 C = Inter-level travel time spent in this place.
 D = Time resting spent in this place.
 E = Time spent auto-exploring this place.
 F = Levels seen in this place.
 G = Mean time per level.
                   A        B        C        D        E       F      G
               +--------+--------+--------+--------+--------+-----+--------+
         Total |   5228 |   5029 |    199 |    327 |   3898 |   7 |  746.9 |
       Dungeon |   5227 |   5028 |    199 |    327 |   3898 |   6 |  871.2 |
        Temple |      1 |      1 |      0 |      0 |      0 |   1 |    1.0 |
               +--------+--------+--------+--------+--------+-----+--------+

Top non-repeatable levels by time:
     D:4: 1533 daAuts
     D:1: 1082 daAuts
     D:2: 1058 daAuts
     D:3: 701 daAuts
     D:5: 577 daAuts
     D:6: 273 daAuts
  Temple: 1 daAuts
